 Dungeon Crawl Stone Soup version 0.19-a0-45-g2c295ea (webtiles) character file.

38011 ololoev the Earth Mage (level 14, -4/78 HPs)
             Began as a Gargoyle Earth Elementalist on May 5, 2016.
             Was a High Priest of Vehumet.
             Slain by an entropy weaver (8 damage)
             ... on level 1 of the Depths.
             The game lasted 00:55:17 (18489 turns).

ololoev the Earth Mage (GrEE)                      Turns: 18489, Time: 00:55:19

Health: -4/78      AC: 15    Str: 13    XL:     14   Next: 0%
Magic:  2/30       EV: 13    Int: 22    God:    Vehumet [*****.]
Gold:   1078       SH:  8    Dex: 10    Spells: 4 memorised, 26 levels left

rFire  + . .     SeeInvis .     b - 171 stones
rCold  . . .     Gourm    +     H - +1 leather armour {MR+}
rNeg   + . .     Faith    .     G - +3 buckler of the Catamount {rPois rF+ Str+2 Slay-3}
rPois  ∞         Spirit   .     h - +0 helmet
rElec  +         Dismiss  .     v - +0 cloak
rCorr  +         Reflect  .     w - +0 pair of gloves
SustAt .         Harm     .     x - +2 pair of boots
MR     ++...                    q - amulet of the gourmand
Stlth  ++........               L - +4 ring of protection
                                y - ring of resist corrosion

@: corroded, very resistant to hostile enchantments, unstealthy
A: big wings, negative energy resistance 1, electricity resistance, unbreathing,
petrification resistance, rot immunity, AC +9
a: Fly, Renounce Religion


Innate Abilities, Weirdness & Mutations

You are resistant to torment.
Your stone body is resilient (AC +9).
You are immune to poison.
Your large and strong wings let you fly indefinitely.
You resist negative energy.
You are resistant to electric shocks.
You can survive without breathing.
You are immune to petrification.
You are immune to rotting.

Inventory:

Missiles
 b - 171 stones (in hand)
Armour
 h - a +0 helmet (worn)
 v - a +0 cloak (worn)
 w - a +0 pair of gloves (worn)
 x - a +2 pair of boots (worn)
 G - the +3 buckler of the Catamount (worn) {rPois rF+ Str+2 Slay-3}
   (You found it on level 13 of the Dungeon)

   It affects your strength (+2).
   It affects your accuracy and damage with ranged weapons and melee attacks
   (-3).
   It protects you from fire.
   It protects you from poison.
 H - a +1 leather armour of magic resistance (worn)
Magical Staves
 a - an uncursed staff of wizardry
 P - an uncursed staff of energy
Jewellery
 q - an amulet of the gourmand (around neck)
 y - a ring of resist corrosion (left hand)
 L - a +4 ring of protection (right hand)
Scrolls
 e - 6 scrolls of enchant weapon
 i - a scroll of blinking {unknown}
 l - a scroll of silence {unknown}
 o - 3 scrolls of amnesia {unknown}
 p - 2 scrolls of random uselessness {unknown}
 r - 4 scrolls of immolation
 s - 6 scrolls of remove curse
 C - 2 scrolls of recharging {unknown}
 E - 2 scrolls of fog
 F - 2 scrolls of fear {unknown}
 I - 5 scrolls of magic mapping
 J - a scroll of vulnerability {unknown}
 N - 2 scrolls of enchant armour {unknown}
 Q - a scroll of teleportation
 X - 2 scrolls of torment {unknown}
Potions
 f - 2 potions of haste {unknown}
 g - a potion of agility
 t - 3 potions of berserk rage {unknown}
 u - a potion of magic
 A - 3 potions of lignification {unknown}
 B - a potion of invisibility {unknown}
 D - a potion of cure mutation {unknown}
 K - 2 potions of might {unknown}
 M - 3 potions of curing {unknown}
 O - 5 potions of mutation {unknown}
 S - 2 potions of cancellation {unknown}
 U - 5 potions of degeneration {unknown}
 W - a potion of resistance
Books
 c - a book of Geomancy

   Spells                             Type                      Level
   a - Sandblast                      Earth                        1
   b - Passwall                       Transmutation/Earth          2
   c - Stone Arrow                    Conjuration/Earth            3
   d - Petrify                        Transmutation/Earth          4
   e - Lee's Rapid Deconstruction     Earth                        5
Miscellaneous
 Y - a fan of gales
 Z - a stone of tremors
Comestibles
 d - 11 bread rations
 j - 6 beef jerkies
 k - 11 meat rations
 m - a royal jelly
 z - 3 slices of pizza
 R - 32 fruits


   Skills:
 + Level 5.5 Fighting
 + Level 0.0 Armour
 + Level 4.8 Dodging
 - Level 2.1 Stealth
 - Level 5.2 Shields
 * Level 12.4 Spellcasting
 + Level 9.7 Conjurations
 - Level 0.7 Transmutations
 * Level 15.9 Earth Magic
 - Level 5.2 Evocations


You had 26 spell levels left.
You knew the following spells:

 Your Spells              Type           Power        Failure   Level  Hunger
a - Sandblast             Erth           ######       0%          1    None
b - Stone Arrow           Conj/Erth      ######       1%          3    None
c - Lee's Rapid Deconstr  Erth           ######....   1%          5    ####...
w - Passwall              Trmt/Erth      ######....   1%          2    None


You were on level 1 of the Depths.
You worshipped Vehumet.
Vehumet was extremely pleased with you.
You were not hungry.

You visited 2 branches of the dungeon, and saw 16 of its levels.

You collected 1078 gold pieces.

**,*,*,******,,,,,,,,,,,,,,,**,,,
*,,,,,*,.............,,,,,,,,,,,
*,,,,,*,...>........*,*,,,,,,,,,
**,,,,,*,...........#*,*,,,,,,,,,
,*,,,,,*,...........,,,,,,,,,,,,,
,*******,..........#**,,,,,,,,,,,
,,,,,,,,,,#........# *,,,,,,,,,,,
,,,,,,**,,,#.......# **,,,,,,,,,,
,,,,,,,,,,,#....@p.#**,,*,,,,,,,,
,,,,,,,,,*,#.....†......***,,,,,,
,,,,,,,,,#......##......**,,,,,,,
,,,,,,,,,.......,*#.....,,,,,,,,,
,,,,,,*,,.......***.....,,****,,,
,,,,,**,,#......**,,..##,,,,***,,
,,,,,,***####...,*,,,.#**,,,,,,,,
,,,,,,,*** #...,,*,,.#,,,,,,,,,,
,***,,,,,* ***,,**,****,,,,,,,,,

Notes
Turn   | Place    | Note
--------------------------------------------------------------
     0 | D:1      | ololoev the Gargoyle Earth Elementalist began the quest for the Orb.
     0 | D:1      | Reached XP level 1. HP: 10/10 MP: 3/3
     0 | D:1      | ololoev: ладно, второй тип атаки на духз
   357 | D:1      | Found a snail-covered altar of Cheibriados.
   443 | D:1      | Reached XP level 2. HP: 15/15 MP: 3/5
   467 | D:1      | Reached skill level 4 in Earth Magic
   587 | D:1      | Learned a level 2 spell: Passwall
   688 | D:2      | Found a faded altar to an unknown god.
  1026 | D:2      | Reached XP level 3. HP: 19/19 MP: 5/7
  1033 | D:1      | Learned a level 3 spell: Stone Arrow
  1048 | D:2      | Rekenzichi: Пойду я тоже поумираю во второй вкладке. Удачного забега
  1467 | D:2      | ololoev: эти забеги не бывают удачными
  1467 | D:2      | ololoev: это как IVAN -путь к смерти
  1502 | D:2      | Rekenzichi: Ха-ха
  1691 | D:2      | Rekenzichi: Но блин, шанс выйграть всегда же есть
  1698 | D:2      | ololoev: да, я уже два раза был близок
  1837 | D:2      | Reached XP level 4. HP: 24/24 MP: 6/8
  1922 | D:2      | Goblin1989: что там за IVAN?
  1926 | D:2      | ololoev: рогалик где всегда умирают разными ужасными смертями
  1926 | D:2      | ololoev: я не играл, но вроде весело
  1926 | D:2      | ololoev: неймластнейм вроде играл
  2250 | D:3      | Reached skill level 5 in Earth Magic
  2287 | D:3      | Rekenzichi: Почему топор выкидывать?
  2291 | D:3      | ololoev: потому что монстроус
  2307 | D:3      | Found a basalt altar of Yredelemnul.
  2381 | D:3      | Found a glowing golden altar of the Shining One.
  2433 | D:3      | Rekenzichi: На вики не могу найти, что это значит?
  2435 | D:3      | ololoev: вырастут ногли-когти
  2435 | D:3      | oplop: >ivan
  2435 | D:3      | oplop: http://i.imgur.com/mR9AOfC.jpg
  2435 | D:3      | ololoev: с когтями дамага много будет при анарме
  2435 | D:3      | Rekenzichi: Хм, но по одной цели
  2435 | D:3      | Rekenzichi: А топор 360 ебашит
  2435 | D:3      | ololoev: клив конечно хорошо, но зачастую сильные враги одиночны
  2435 | D:3      | Rekenzichi: Но дамаг решает, конечно, так что перекачусь в анарм
  2435 | D:3      | ololoev: ну и всегда можно драться в коридорах
  2435 | D:3      | Rekenzichi: Спасибо, что на это указал, сколько за демоспавна играл, никогда этой строчке значение не предавал
  2625 | D:3      | Found a deep blue altar of Sif Muna.
  2635 | D:3      | Reached XP level 5. HP: 28/28 MP: 3/10
  2827 | D:4      | Found a glowing silver altar of Zin.
  2948 | D:4      | Found an iron altar of Okawaru.
  2953 | D:4      | Reached skill level 6 in Earth Magic
  2953 | D:4      | Reached XP level 6. HP: 32/32 MP: 8/12
  3025 | D:4      | Found a bloodstained altar of Trog.
  3130 | D:4      | Learned a level 5 spell: Lee's Rapid Deconstruction
  3229 | D:4      | Found a radiant altar of Vehumet.
  3236 | D:4      | Became a worshipper of Vehumet
  3302 | D:4      | Noticed Zhenya25pyc's ghost (amateur GrFi)
  3307 | D:4      | ololoev: опять словински в гостах
  3327 | D:4      | Reached skill level 7 in Earth Magic
  3327 | D:4      | Reached XP level 7. HP: 33/36 MP: 0/14
  3365 | D:4      | ololoev: еще и боты скорости походу подобрал
  3445 | D:4      | Reached skill level 5 in Spellcasting
  3627 | D:5      | Entered Level 5 of the Dungeon
  3727 | D:5      | Noticed Pikel
  4118 | D:5      | Killed Pikel
  4118 | D:5      | Reached skill level 8 in Earth Magic
  4118 | D:5      | Reached XP level 8. HP: 41/41 MP: 0/17
  4328 | D:5      | Found a staircase to the Ecumenical Temple.
  4352 | D:5      | Reached skill level 9 in Earth Magic
  4521 | D:5      | Reached * piety under Vehumet
  4521 | D:5      | Offered knowledge of Shock by Vehumet.
  4961 | D:6      | Found a shadowy altar of Dithmenos.
  4978 | D:6      | Noticed Dowan
  4981 | D:6      | Noticed Duvessa
  4983 | D:6      | Killed Duvessa
  4983 | D:6      | Reached XP level 9. HP: 45/45 MP: 8/19
  4983 | D:6      | Killed Dowan
  5167 | D:6      | Reached skill level 10 in Earth Magic
  5512 | D:6      | Goblin1989: я все вот свой арбалет разглядываю. у него Base damage: 22. это с +15 заточки или без?
  5514 | D:6      | ololoev: без конечно
  5514 | D:6      | ololoev: бейз дамаг это от типа пушки зависит
  5514 | D:6      | Goblin1989: is reached at skill level 28
  5514 | D:6      | ololoev: заточка уже потом
  5556 | D:6      | Goblin1989: я чего-то не понимаю или как мне +28 навыка получить?
  5575 | D:6      | ololoev: никак
  5575 | D:6      | ololoev: просто минделей будет 1.6 - 1.7 или сколько там
  6021 | D:7      | Goblin1989: весело
  6088 | D:7      | Found a shimmering altar of Xom.
  6178 | D:7      | ololoev: опа, энерджи
  6683 | D:7      | Reached skill level 1 in Evocations
  6983 | D:7      | Offered knowledge of Flame Tongue by Vehumet.
  6985 | D:7      | Reached ** piety under Vehumet
  7870 | D:8      | Reached skill level 5 in Conjurations
  7981 | D:8      | Reached skill level 11 in Earth Magic
  8251 | D:8      | Found an oddly glowing altar of Pakellas.
  8408 | D:9      | Noticed Psyche
  8411 | D:9      | Killed Psyche
  8411 | D:9      | Reached XP level 10. HP: 43/50 MP: 8/22
  8652 | D:9      | Noticed Grum
  8654 | D:9      | jacquesderrida: ЛАЛИЕВ
  8656 | D:9      | Killed Grum
  8660 | D:9      | ololoev: yo JD!
  8660 | D:9      | jacquesderrida: ЭТО ТЫ МИФИЧЕСКИЙ ВОЕВОДА СЛОВИНСКИХ?
  8660 | D:9      | ololoev: джейди деррида пожаловал
  8959 | D:9      | Offered knowledge of Mephitic Cloud by Vehumet.
  9343 | D:9      | Reached *** piety under Vehumet
  9521 | D:9      | Found an ancient bone altar of Kikubaaqudgha.
  9548 | D:9      | Found a roughly hewn altar of Beogh.
  9548 | D:9      | Found a staircase to the Orcish Mines.
  9822 | D:10     | Entered Level 10 of the Dungeon
  9822 | D:10     | Noticed a hill giant
  9906 | D:10     | Offered knowledge of Olgreb's Toxic Radiance by Vehumet.
  9958 | D:10     | Reached skill level 12 in Earth Magic
 10014 | D:10     | Killed a hill giant
 10488 | D:10     | Reached skill level 5 in Evocations
 10520 | D:10     | Reached XP level 11. HP: 54/54 MP: 13/24
 10919 | D:11     | Reached **** piety under Vehumet
 10920 | D:11     | Found a roughly hewn altar of Beogh.
 11232 | D:11     | Offered knowledge of Force Lance by Vehumet.
 11603 | D:11     | Killed an unseen horror
 11831 | D:11     | Noticed a hill giant
 11836 | D:11     | Reached skill level 13 in Earth Magic
 11839 | D:11     | Killed a hill giant
 11839 | D:11     | Reached skill level 10 in Spellcasting
 12095 | D:11     | Found a staircase to the Lair.
 12521 | D:11     | Noticed a hill giant
 12533 | D:11     | Killed a hill giant
 12909 | D:12     | Reached ***** piety under Vehumet
 12909 | D:12     | Offered knowledge of Lightning Bolt by Vehumet.
 13092 | D:12     | Reached skill level 1 in Fighting
 13300 | D:12     | Found a stormy altar of Qazlal.
 13568 | D:12     | Noticed a seven-headed hydra
 13729 | D:13     | Reached XP level 12. HP: 61/61 MP: 15/26
 13737 | D:13     | Reached skill level 14 in Earth Magic
 13912 | D:13     | Noticed a six-headed hydra
 13921 | D:13     | Killed a six-headed hydra
 13934 | D:13     | Noticed a catoblepas
 13943 | D:13     | Killed a catoblepas
 14409 | D:13     | Noticed a centaur warrior
 14600 | D:13     | Killed a centaur warrior
 14609 | D:13     | Noticed a vault guard
 14661 | D:13     | Killed a vault guard
 15008 | D:13     | Got an ichor-stained buckler
 15014 | D:13     | Identified the +3 buckler of the Catamount {rPois rF+ Str+2 Slay-3} (You found it on level 13 of the Dungeon)
 15020 | D:13     | Found a gate to the Vaults.
 15166 | D:13     | Reached skill level 1 in Shields
 15294 | D:14     | Noticed Maud
 15322 | D:14     | Noticed a centaur warrior
 15559 | D:14     | Killed a centaur warrior
 15924 | D:14     | Reached XP level 13. HP: 47/70 MP: 1/28
 16072 | D:14     | Offered knowledge of Bolt of Fire by Vehumet.
 16077 | D:14     | Reached skill level 15 in Earth Magic
 16329 | D:14     | Found an opulent altar of Gozag.
 16405 | D:15     | Entered Level 15 of the Dungeon
 16835 | D:15     | Reached skill level 5 in Shields
 17136 | D:15     | Noticed Rupert
 17147 | D:15     | Killed Rupert
 17327 | D:15     | Reached skill level 5 in Fighting
 17673 | D:15     | Noticed a rakshasa
 17689 | D:15     | Killed a rakshasa
 18041 | D:15     | Found a shattered altar of Ashenzari.
 18319 | D:15     | Found a staircase to the Depths.
 18458 | Depths:1 | Entered Level 1 of the Depths
 18458 | Depths:1 | Noticed a great orb of eyes
 18462 | Depths:1 | Noticed an ice dragon
 18463 | Depths:1 | Noticed an ettin
 18466 | Depths:1 | Found a runed warning-scrawled door.
 18467 | Depths:1 | Noticed a fire dragon
 18468 | Depths:1 | Noticed a stone giant
 18474 | Depths:1 | Noticed an entropy weaver
 18476 | Depths:1 | Gained mutation: Your large and strong wings let you fly indefinitely. [Gargoyle growth]
 18476 | Depths:1 | Reached XP level 14. HP: 41/78 MP: 21/30
 18488 | Depths:1 | HP: 3/78 [entropy weaver (7)]
 18489 | Depths:1 | Slain by an entropy weaver

Dungeon Overview and Level Annotations

Branches:
Dungeon (15/15)            Temple (0/1) D:5            Lair (0/8) D:11
    Orc (0/2) D:9          Vaults (0/5) D:13         Depths (1/5) D:15

Altars:
Ashenzari
Cheibriados
Dithmenos
Gozag
Kikubaaqudgha
Okawaru
Pakellas
Qazlal
Sif Muna
Trog
Vehumet
Xom
Yredelemnul
Zin
The Shining One
Beogh

Annotations:
D:4 Zhenya25pyc's ghost, amateur GrFi
D:13 Maud
Depths:1 1 runed door


Message History

Aim: an entropy weaver (lightly wounded)
The stone arrow hits the entropy weaver.
The entropy weaver is moderately wounded.
The entropy weaver hits you but does no damage.
The entropy weaver hits you! The entropy weaver misses you.
You block the entropy weaver's attack.
Casting: Stone Arrow
Confirm with . or Enter, or press ? or * to list all spells.
Aiming: Stone Arrow
Press: ? - help, Shift-Dir - straight line, f/p - entropy weaver
Aim: an entropy weaver (moderately wounded)
The stone arrow hits the entropy weaver.
The entropy weaver is moderately wounded.
The entropy weaver mumbles some strange words.
The entropic weave corrodes you!
Casting: Stone Arrow
Confirm with . or Enter, or press ? or * to list all spells.
Aiming: Stone Arrow
Press: ? - help, Shift-Dir - straight line, f/p - entropy weaver
Aim: an entropy weaver (moderately wounded)
The stone arrow misses the entropy weaver.
You block the entropy weaver's attack. The entropy weaver hits you.
The entropy weaver hits you but does no damage.
The entropy weaver hits you.
Casting: Stone Arrow
Confirm with . or Enter, or press ? or * to list all spells.
Aiming: Stone Arrow
Press: ? - help, Shift-Dir - straight line, f/p - entropy weaver
Aim: an entropy weaver (moderately wounded)
The stone arrow misses the entropy weaver.
The entropy weaver hits you!
The entropy weaver hits you but does no damage.
The entropy weaver closely misses you. You block the entropy weaver's attack.
Drink which item? (? for menu, Esc to quit)
You feel much better. The entropy weaver hits you!
The entropy weaver closely misses you.
The entropy weaver hits you but does no damage. x2
Drink which item? (? for menu, Esc to quit)
You feel much better.
You block the entropy weaver's attack. x3
The entropy weaver hits you.
b - 175 stones (in hand)
The entropy weaver hits you but does no damage.
The entropy weaver completely misses you.
The entropy weaver closely misses you. You block the entropy weaver's attack.
Casting: Stone Arrow
Confirm with . or Enter, or press ? or * to list all spells.
Aiming: Sandblast
Press: ? - help, Shift-Dir - straight line, f/p - entropy weaver
Aim: an entropy weaver (moderately wounded)
The rocky blast hits the entropy weaver.
The entropy weaver is moderately wounded.
The entropy weaver barely misses you. The entropy weaver misses you.
The entropy weaver hits you but does no damage.
The entropy weaver hits you.
Casting: Sandblast
Confirm with . or Enter, or press ? or * to list all spells.
Aiming: Sandblast
Press: ? - help, Shift-Dir - straight line, f/p - entropy weaver
Aim: an entropy weaver (moderately wounded)
The rocky blast hits the entropy weaver.
The entropy weaver is heavily wounded.
You block the entropy weaver's attack.
The entropy weaver hits you but does no damage.
The entropy weaver hits you. The entropy weaver hits you!
Casting: Sandblast
Confirm with . or Enter, or press ? or * to list all spells.
Aiming: Sandblast
Press: ? - help, Shift-Dir - straight line, f/p - entropy weaver
Aim: an entropy weaver (heavily wounded)
The rocky blast misses the entropy weaver.
The entropy weaver closely misses you. The entropy weaver misses you.
The entropy weaver hits you! You block the entropy weaver's attack.
Casting: Sandblast
Confirm with . or Enter, or press ? or * to list all spells.
Aiming: Sandblast
Press: ? - help, Shift-Dir - straight line, f/p - entropy weaver
Aim: an entropy weaver (heavily wounded)
The rocky blast misses the entropy weaver.
The entropy weaver misses you. The entropy weaver hits you!
You die...

You could see an entropy weaver.

Vanquished Creatures
  Rupert (D:15)
  A vault guard (D:13)
  A rakshasa (D:15)
  A hydra (D:13)
  4 centaur warriors
  A catoblepas (D:13)
  A death knight (D:15)
  A tengu warrior (D:15)
  6 unseen horrors
  A giant orange brain (D:15)
  Pikel (D:5)
  2 deep elf magi
  4 hill giants
  An orc knight (D:15)
  An orc sorcerer (D:15)
  4 ugly things
  A manticore (D:13)
  A guardian serpent (shapeshifter) (D:15)
  Psyche (D:9)
  A spiny frog (shapeshifter) (D:15)
  2 gargoyles
  A freezing wraith (D:14)
  A kobold demonologist (D:14)
  3 trolls
  A giant leech (shapeshifter) (D:15)
  4 two-headed ogres
  3 slime creatures (D:15)
  A hornet zombie (D:15)
  A redback (Depths:1)
  2 water elementals (D:11)
  A vampire (D:13)
  4 wraiths
  A shadow (D:11)
  15 yaks
  2 wyverns (D:13)
  3 hippogriffs
  4 vampire mosquitoes (D:13)
  2 hungry ghosts
  Grum (D:9)
  2 mottled dragons
  Duvessa (D:6)
  14 orc warriors
  An eye of draining (D:11)
  2 slaves (D:5)
  3 sky beasts
  An ice beast (D:11)
  9 ogres
  A necrophage (D:14)
  6 phantoms
  6 wolves
  8 centaurs
  3 crocodiles
  3 big kobolds
  8 giant frogs
  A gnoll sergeant (D:10)
  Dowan (D:6)
  A wyvern skeleton (D:13)
  5 scorpions
  11 wights
  12 killer bees
  An electric eel (D:11)
  2 howler monkeys
  A wasp zombie (D:12)
  5 crimson imps
  3 giant frog zombies
  13 hounds
  6 jellies
  6 centaur skeletons
  2 gnoll shamans
  11 orc priests
  2 quasits
  4 iguanas
  9 orc wizards
  2 giant frog skeletons
  13 worker ants
  A statue (D:4)
  A giant frog simulacrum (D:13)
  A hound skeleton (D:9)
  17 adders
  12 gnolls
  2 shadow imps (D:5)
  3 worms
  2 dart slugs
  5 giant geckos
  59 orcs
  A giant cockroach (D:1)
  2 gnoll zombies (D:3)
  10 goblins
  6 hobgoblins
  9 jackals
  5 quokkas
  4 ball pythons
  A ball python skeleton (D:4)
  4 bats
  5 giant newts
  A jackal skeleton (D:7)
  11 kobolds
  5 rats
433 creatures vanquished.

Vanquished Creatures (others)
  A jelly (D:5)
  2 orcs
3 creatures vanquished.

Grand Total: 436 creatures vanquished

Action                   |  1- 3 |  4- 6 |  7- 9 | 10-12 | 13-15 || total
-------------------------+-------+-------+-------+-------+-------++-------
Melee: Unarmed           |    25 |    10 |       |       |       ||    35
       Staff             |       |       |       |     1 |     2 ||     3
 Cast: Sandblast         |    34 |    42 |    50 |   158 |    55 ||   339
       Stone Arrow       |    12 |    23 |    62 |   152 |    49 ||   298
       Lee's Rapid Decon |       |     1 |    24 |    84 |    41 ||   150
Evoke: Wand              |       |       |       |    17 |       ||    17
  Use: Scroll            |       |       |       |    10 |     7 ||    17
       Potion            |       |       |       |       |     6 ||     6
  Eat: Chunk             |     7 |    15 |    26 |    41 |     8 ||    97
Armor: Robe              |    29 |    16 |    11 |   128 |    64 ||   248
       Animal skin       |       |       |       |     5 |       ||     5
       Leather armour    |       |       |       |       |    14 ||    14
Dodge: Dodged            |    50 |    34 |    15 |   104 |    42 ||   245
Block: Buckler           |       |       |       |    32 |    39 ||    71

Vault maps used:
D:1:      minmay_arrival_four_houses, cheibriados_altar_1
D:2:      ecumenical_altar_1, corexii_leaking_fountain
D:3:      led_sif_book, lemuel_zombie_altar_yredelemnul, tso_metal_star
D:4:      lemuel_crystal_altar, zin_statuary, vehumet_statue,
          kennysheep_okawaru_gauntlet, first_bread
D:5:      minmay_temple_entry_statues_pillars, kennysheep_cluttered_room,
          serial_bayou_pond_a, kennysheep_generic_room_15, uniq_pikel
D:6:      overflow_temple_1_default, kennysheep_generic_room_13, uniq_duvessa
D:7:      kennysheep_mini_moat
D:8:      johnstein_pakellas_dig, blue_anna_alchemist, patterned_corridor
D:9:      kiku_gazebo_pond_becter, david_orc_5, uniq_grum, uniq_psyche
D:10:     kennysheep_generic_room_6
D:11:     erik_lair_island, special_room
D:12:     grunt_qazlal_sundering
D:13:     david_vaults_5, st_stairs_5, nooodl_food_tri
D:14:     nicolae_gozag_cash_rules_everything_around_me, uniq_maud
D:15:     gammafunk_enter_depths_forms, ashenzari_altar_1,
          lightli_fourway_metalbox, uniq_rupert
Depths:1: enter_ziggurat_b, grunt_hell_horde, mu_enter_wizlab_7,
          kennysheep_minor_cross, grunt_ministairs_14, minmay_crystal_room,
          minmay_misc_feat_tower, mikee_hates_you,
          infiniplex_staircase_pool_lava
